[Event "XV American Continental 2022"]
[Site "San Salvador"]
[Date "2022.05.10"]
[Round "11.11"]
[White "Krysa, Leandro"]
[Black "Arias Gaviria, Mario Alexis"]
[Result "1-0"]
[ECO "E16"]
[WhiteElo "2525"]
[BlackElo "2181"]
[Annotator "TA"]
[PlyCount "167"]
[EventDate "2022.05.02"]
[EventCountry "ESA"]
[SourceTitle "playchess.com"]
[Source "ChessBase"]
[SourceQuality "1"]
[TimeControl "40/5400+30:1800+30"]

1. d4 Nf6 2. c4 e6 3. Nf3 Bb4+ 4. Bd2 Qe7 5. g3 O-O 6. Bg2 d5 7. O-O dxc4 8. Qc2 {E11: Bogo-Indian.} Nc6 9. Qxc4 Bd6 {Inhibits Ne5.} 10. Nc3 {[#] White is slightly better.} e5 $146 ({Predecessor:} 10... h6 11. e4 e5 12. d5 Nb8 13. Nb5 Nbd7 14. Rfc1 Ne8 15. Nh4 Nb6 16. Qb3 Bd7 {1-0 (30) Eriksson,M-Adler,B (2245) Sweden 2002}) 11. d5 Na5 12. Qh4 Bd7 13. Rac1 b6 14. Bg5 $1 Bf5 {Inhibits Ne4.} 15. Nd2 h6 16. Bxf6 Qxf6 17. Qxf6 gxf6 18. Nce4 Bxe4 (18... Nb7 $16 19. f4 (19. Nxf6+ Kg7 $16) 19... Bxe4) 19. Nxe4 $18 (19. Bxe4 $6 Rfd8 20. Bf5 Nb7 $16) 19... Nb7 20. Nxf6+ Kg7 21. Ne4 a5 22. Nxd6 cxd6 23. Rc6 Rfd8 24. f4 exf4 25. gxf4 Nc5 26. e4 (26. Rxb6 $6 Rab8 27. Rxb8 Rxb8 $16) 26... Rac8 (26... Ra7 $16 27. Rxb6 Re7) 27. e5 ({Don't play} 27. Rxb6 $6 Rb8 28. Rxb8 Rxb8) 27... Rxc6 28. dxc6 dxe5 29. fxe5 {[%mdl 4096] Endgame KRB-KRN} Na6 30. Rc1 Nc7 31. Rc2 {Inhibits Rd2.} Re8 32. Re2 Re6 (32... Rd8 $16 33. Bf3 Kg6 34. Be4+ Kg7) 33. Kf2 Kf8 34. Re3 Ke8 35. Rb3 Rxe5 36. Rxb6 Rc5 37. a3 Rc2+ 38. Kg3 Ke7 39. Bf3 Rd2 (39... Kd6 $16 {is a better defense.} 40. h4 a4) 40. Rb7 Kd6 41. Rb8 Ke7 {Prevents Rd8.} (41... Ne6 $16 42. Rb7 Nc7) 42. b4 axb4 43. axb4 Rb2 44. h4 Ke6 (44... Rb3 $142 45. h5 Rb2) 45. Kf4 Kd6 46. Be4 Na6 $2 (46... Rf2+ 47. Bf3 Rb2 48. Rd8+ Ke6) 47. Rd8+ Ke6 48. Rd4 Nc7 49. h5 (49. Bd3 $18 {is the precise move to win.}) 49... Kf6 (49... Nb5 $16 50. Rc4 Kd6) 50. Ke3 {Rd7 is the strong threat.} Ke5 51. Rc4 (51. Rd7 $18 {has better winning chances.} Rb3+ 52. Bd3 Nd5+ 53. Kd2 Rb2+ 54. Kd1) 51... Kd6 52. Bf3 {Black must now prevent Rd4+.} Rb3+ 53. Kf2 {And now Rd4+ would win.} Na6 $2 {Black cannot hold the game after this.} (53... Ne6 $14) 54. Rd4+ Ke5 55. Rd7 {Strongly threatening Re7+.} Nxb4 $2 {[#]} (55... Rxb4 56. Re7+ (56. Rxf7 Rc4 $16) 56... Kf6) 56. c7 $1 Rb2+ 57. Kg3 Rc2 {[#]} 58. Bb7 $1 Rc3+ 59. Kg2 Rc2+ 60. Kf1 Rc1+ 61. Ke2 Rc2+ 62. Kd1 Ke6 63. c8=Q {White mates.} Rxc8 64. Bxc8 Nd5 65. Rd8+ Ke5 66. Rh8 Ne7 67. Bd7 Kf6 68. Rxh6+ Kg7 69. Rd6 Ng8 70. Bf5 Nh6 71. Bd3 Ng4 72. Ke2 Nh6 73. Kf3 Ng8 74. Kf4 Nh6 75. Kg5 f6+ 76. Rxf6 Nf7+ 77. Kf5 Nh6+ 78. Ke6 Ng4 79. Rg6+ Kh8 80. Kf5 Ne3+ 81. Kg5 Nd5 82. Rd6 Ne7 83. Rd8+ Ng8 84. Bc4 {Weighted Error Value: White=0.23 (precise) /Black=0.35} 1-0